 Dungeon Crawl Stone Soup version 0.18.1-50-g88ac8fd (webtiles) character file.

452 Inkary the Shield-Bearer (level 7, -2/55 HPs)
             Began as a Formicid Fighter on Sept 17, 2016.
             Slain by a gnoll
             ... wielding a +0 halberd
              (8 damage)
             ... on level 3 of the Dungeon.
             The game lasted 00:05:53 (3424 turns).

Inkary the Shield-Bearer (Formicid Fighter)         Turns: 3424, Time: 00:05:54

Health: -2/55      AC:  7    Str: 26    XL:     7   Next: 25%
Magic:  7/7        EV:  9    Int:  7    God:
Gold:   145        SH: 10    Dex: 12    Spells: 0 memorised, 6 levels left

rFire  . . .     SeeInvis +     a - +0 war axe
rCold  . . .     Gourm    .     e - +1 ring mail {rPois}
rNeg   . . .     Faith    .     c - +0 shield
rPois  +         Spirit   .     (helmet unavailable)
rElec  .         Dismiss  .     (no cloak)
rCorr  .         Reflect  .     (no gloves)
SustAt .         Harm     .     (no boots)
MR     .....                    (no amulet)
Stlth  +.........               (no ring)
                                (no ring)

@: mighty, not resistant to hostile enchantments, very unstealthy
A: permanent stasis, dig shafts and tunnels, four strong arms, antennae 3
a: Dig, Shaft Self


You were on level 3 of the Dungeon.
You were very hungry.

You visited 1 branch of the dungeon, and saw 3 of its levels.

You collected 145 gold pieces.

Inventory:

Hand Weapons
 a - a +0 war axe (weapon)
Armour
 c - a +0 shield (worn)
 e - a +1 ring mail of poison resistance (worn)
Scrolls
 h - a scroll of enchant weapon {unknown}
 i - 2 scrolls of remove curse {unknown}
 j - 3 scrolls of immolation
 k - 2 scrolls of identify {unknown}
 l - a scroll of blinking {unknown}
 o - a scroll of random uselessness
 t - a scroll of magic mapping {unknown}
Potions
 b - a potion of lignification {unknown}
 g - a potion of degeneration {unknown}
 n - 2 potions of heal wounds {unknown}
 s - a potion of mutation {unknown}
Comestibles
 f - 5 bread rations
 m - a royal jelly
 v - 4 chunks of flesh


   Skills:
 + Level 4.8 Fighting
 * Level 4.8 Axes
 + Level 4.8 Armour
 + Level 5.1 Shields


You had 6 spell levels left.
You didn't know any spells.

Dungeon Overview and Level Annotations

Branches:
Dungeon (3/15)

Altars:


Innate Abilities, Weirdness & Mutations

You are under a permanent stasis effect.
You can dig through walls and to a lower floor.
Your four strong arms can wield two-handed weapons with a shield.
You have a pair of large antennae on your head (SInv).


Message History

The gnoll hits you from afar with a halberd.
* * * LOW HITPOINT WARNING * * *
Read which item? (? for menu, Esc to quit)
As you read the scroll labeled VYFEDE ATZEAN, it crumbles to dust.
You experience a momentary feeling of inescapable doom!
It was a scroll of random uselessness.
The gnoll completely misses you. You block the gnoll's attack.
Read which item? (? for menu, Esc to quit)
As you read the scroll labeled FIONWO ENTAO, it crumbles to dust.
You hear a loud clanging noise!
It was a scroll of noise.
You hear a shout! x4
The gnoll barely misses you.
You see here 25 bolts.
Read which item? (? for menu, Esc to quit)
As you read the scroll labeled INEAME VING, it crumbles to dust.
It is a scroll of amnesia.
You feel forgetful for a moment. The gnoll closely misses you.
The gnoll hits you from afar with a halberd!
You die... ........)((....(.)..# .#############.###### .# ############ .# ##ggggg{g{.g#

.# #..g.######g# .# #..{{#
#g# .#####.g{{# #g#
......{.gg# #.# .....g...g#
#@# ####'#{g..# #.#
.....g..gg# #.# ..........#
#.# ....÷.)..#######.#
###.##...........############
..g.........................#
≈....≈≈≈≈≈≈≈≈≈≈≈≈≈≈≈≈≈≈≈...P#
≈..{{≈≈≈≈≈≈≈≈≈≈≈≈≈≈≈≈≈≈≈....#


You could see 4 gnolls.

Vanquished Creatures
  A gnoll sergeant (D:3)
  3 gnoll shamans (D:3)
  Terence (D:3)
  2 orc wizards (D:3)
  3 gnolls (D:3)
  8 adders
  An ooze (D:1)
  3 worms
  4 dart slugs
  2 giant geckos
  7 orcs (D:3)
  2 ball pythons
  3 giant cockroaches
  9 goblins
  11 hobgoblins
  14 jackals (D:3)
  2 quokkas
  7 bats
  4 giant newts
  9 kobolds
  3 rats
99 creatures vanquished.

Notes
Turn   | Place    | Note
--------------------------------------------------------------
     0 | D:1      | Inkary the Formicid Fighter began the quest for the Orb.
     0 | D:1      | Reached XP level 1. HP: 18/18 MP: 1/1
   146 | D:1      | Reached XP level 2. HP: 18/24 MP: 2/2
   319 | D:1      | Reached XP level 3. HP: 23/29 MP: 3/3
   753 | D:1      | Reached skill level 4 in Shields
   951 | D:2      | Reached XP level 4. HP: 10/37 MP: 4/4
  1645 | D:2      | Reached XP level 5. HP: 40/42 MP: 5/5
  2447 | D:3      | Reached XP level 6. HP: 25/49 MP: 6/6
  2670 | D:3      | Noticed Terence
  2691 | D:3      | Killed Terence
  2802 | D:3      | HP: 1/49 [gnoll/halberd (3)]
  2809 | D:3      | HP: 1/49 [quokka (1)]
  3398 | D:3      | Reached skill level 5 in Shields
  3398 | D:3      | Reached XP level 7. HP: 48/55 MP: 7/7
  3424 | D:3      | Slain by a gnoll

Skill      XL: |  1  2  3  4  5  6 |
---------------+-------------------+-----
Shields        | 4 5 |  5.1
Axes           | 3 4 |  4.8
Armour         | 4 |  4.8
Fighting       | 4 |  4.8

Action                   |  1- 3 |  4- 6 |  7- 9 || total
-------------------------+-------+-------+-------++-------
Melee: War axe           |   117 |   280 |    14 ||   411
  Use: Potion            |     1 |     2 |     1 ||     4
       Scroll            |       |       |     4 ||     4
  Eat: Chunk             |       |     8 |       ||     8
Armor: Ring mail         |    41 |   107 |       ||   148
       Scale mail        |     6 |       |       ||     6
Dodge: Dodged            |    49 |   105 |    13 ||   167
Block: Shield            |    69 |   187 |    10 ||   266
